 Dungeon Crawl Stone Soup version 0.31-a0-187-gba352fbbf7 (webtiles) character file.

Game seed: 14415663913200547548

291 qw the Skirmisher (level 6, -2/35 HPs)
             Began as a Deep Elf Hunter on June 22, 2023.
             Blown up by an orc wizard (16 damage)
             ... with a mindburst bolt
             ... on level 5 of the Dungeon.
             The game lasted 00:01:16 (3596 turns).

qw the Skirmisher (Deep Elf Hunter)                 Turns: 3596, Time: 00:01:16

Health: -2/35      AC: 10    Str: 10    XL:     6   Next: 10%
Magic:  8/8        EV: 11    Int: 14    God:
Gold:   235        SH:  0    Dex: 18    Spells: 5/5 levels left

rFire   . . .        Y - +0 shortbow
rCold   . . .        (shield currently unavailable)
rNeg    . . .        b - +0 ring mail
rPois   +            (no helmet)
rElec   .            (no cloak)
rCorr   .            (no gloves)
SInv    .            c - +0 pair of boots
Will    .....        (no amulet)
Stlth   +            j - +4 ring of protection
HPRegen 0.25/turn    l - ring of poison resistance
MPRegen 0.11/turn

%: no passive effects
@: no status effects
A: no striking features
a: no special abilities


You were on level 5 of the Dungeon.
You visited 2 branches of the dungeon, and saw 6 of its levels.

You collected 235 gold pieces.


   Skills:
 - Level 2.2 Fighting
 + Level 9.3 Ranged Weapons
 - Level 2.4 Dodging
 - Level 1.2 Stealth


You had 5 spell levels left.
You didn't know any spells.
Your spell library was empty.

Inventory:

Hand Weapons
 Y - a +0 shortbow (weapon)
Armour
 b - a +0 ring mail (worn)
 c - a +0 pair of boots (worn)
Jewellery
 j - a +4 ring of protection (left hand)
 l - a ring of poison resistance (right hand)
Scrolls
 a - a scroll of identify
 e - 2 scrolls of teleportation
Potions
 d - a potion of heal wounds
 f - a potion of resistance
 g - a potion of curing {unknown}
 h - a potion of berserk rage {unknown}
 i - a potion of might

Dungeon Overview and Level Annotations

Branches:
Dungeon (5/15)             Temple (1/1) D:4

Altars:
Ashenzari
Cheibriados
Dithmenos
Elyvilon
Fedhas
Gozag
Hepliaklqana
Kikubaaqudgha
Makhleb
Nemelex Xobeh
Qazlal
Ru
Sif Muna
Trog
Uskayaw
Vehumet
Wu Jian
Xom
Yredelemnul
Zin
The Shining One

Annotations:
D:3 4 runed translucent doors, Crazy Yiuf; qw's ghost, weakling DEHu


Message History

The orc wizard hits you but does no damage.
You shoot an arrow.
The arrow closely misses the orc wizard.
The orc hits you with a +0 flail!
The orc wizard hits you but does no damage.
You shoot an arrow. The arrow barely misses the orc wizard.
Your surroundings suddenly seem different.
Autopickup is now on.
You start resting.
HP restored.
Found a short sword.
You now have 235 gold pieces (gained 18).
Found a stone staircase leading up.
Enter note:
Enter note:
Enter note: You open the door.
The orc wizard shouts!
The orc wizard zaps a wand.
Your mind is blasted!
Enter note:
Enter note: You shoot an arrow.
The arrow misses the orc wizard.
The orc shouts!
The arrow hits the orc.
The orc is heavily wounded.
You hear a shout!
3592 ||| Stepping ~*~*~tactically~*~*~ (outnumbered).
Enter note:
Enter note:
3593 ||| Stepping ~*~*~tactically~*~*~ (outnumbered).
You shoot an arrow.
The arrow hits the orc wizard but does no damage.
The orc wizard zaps a wand.
Your mind is blasted!
Ouch! That really hurt!
You shoot an arrow. The arrow hits the orc wizard.
The orc wizard is lightly wounded.
You shoot an arrow. The arrow hits the orc!
You kill the orc!
The orc wizard zaps a wand.
Your mind is blasted!
You die...

#........#.#.#....#.#
#.######.#.#.##.#.#.#
#ooo...#.#.#....#(#
#{..##.#......%...#
#...# #..........#
.?... #.........##
...... #)...........
$.......#........###
...(.o...#@.......#
.o....#........####
.o....o...........#
####
......#..)[....##.#
#...
....o.#........:#.#
#... .....
#...#.......# #...
####.
#...#.###.#####... .
##....#........... ##
#.#..#.#...###..)


You could see 2 orc wizards.

Vanquished Creatures
  An ogre (D:4)
  An orc priest (D:5)
  A hound (D:5)
  Terence (D:2)
  5 adders
  An ufetubus (D:4)
  A dart slug (D:4)
  5 orcs
  5 ball pythons
  5 bats
  7 endoplasms
  7 giant cockroaches
  4 hobgoblins
  2 jackals (D:4)
  3 quokkas (D:3)
  3 frilled lizards
  5 goblins
  5 kobolds
  6 rats
68 creatures vanquished.

Notes
Turn   | Place    | Note
-------+----------+-------------------------------------------
     0 | D:1      | qw the Deep Elf Hunter began the quest for the Orb.
     0 | D:1      | Reached XP level 1. HP: 12/12 MP: 3/3
     0 | D:1      | 0 ||| qw: Version: 0.3-a-9-g12657ce
     0 | D:1      | 0 ||| qw: Game counter: 2030
     0 | D:1      | 0 ||| qw: Always use a shield: true
     0 | D:1      | 0 ||| qw: God list: Okawaru
     0 | D:1      | 0 ||| qw: Allow faded altars: false
     0 | D:1      | 0 ||| qw: Do Orc after D:15 true
     0 | D:1      | 0 ||| qw: Do second Lair branch before Depths: true
     0 | D:1      | 0 ||| qw: Lair rune preference: random
     0 | D:1      | 0 ||| qw: Plans: Normal
     0 | D:1      | 0 ||| PLANNING D:1-11
   237 | D:1      | Reached XP level 2. HP: 16/16 MP: 4/4
   243 | D:1      | Reached skill level 6 in Ranged Weapons
   745 | D:1      | Reached XP level 3. HP: 20/20 MP: 5/5
   823 | D:1      | 823 ||| UPGRADING to +4 ring of protection.
   824 | D:1      | 824 ||| UPGRADING to ring of poison resistance.
   825 | D:1      | 825 ||| READING scroll labelled KOSUAC NETZ.
   826 | D:1      | 826 ||| READING scroll labelled HOFACWILAU.
   827 | D:1      | 827 ||| READING scroll labelled YJISET LOLAS.
   828 | D:1      | 828 ||| READING scroll labelled SUENNOTT RUERE.
   833 | D:1      | 833 ||| DRINKING 2 yellow potions.
   834 | D:1      | 834 ||| DROPPING scroll of butterflies.
   979 | D:2      | Found a white marble altar of Elyvilon.
  1242 | D:2      | 1242 ||| UPGRADING to +0 ring mail.
  1252 | D:2      | 1252 ||| DROPPING +0 leather armour.
  1253 | D:2      | 1253 ||| READING scroll labelled ZOLIZELOTYLE.
  1254 | D:2      | 1254 ||| READING 2 scrolls labelled PALANWONTE.
  1255 | D:2      | 1255 ||| DROPPING scroll of noise.
  1288 | D:3      | Reached skill level 7 in Ranged Weapons
  1288 | D:3      | Found a faded altar of an unknown god.
  1327 | D:3      | Noticed Terence
  1332 | D:3      | 1332 ||| STAIRDANCE
  1346 | D:2      | Killed Terence
  1347 | D:2      | Reached XP level 4. HP: 9/25 MP: 6/6
  1410 | D:2      | 1410 ||| READING scroll labelled VOOPEGH RUSK.
  1699 | D:3      | Found a runed translucent gate.
  1699 | D:3      | Found a runed translucent gate.
  1700 | D:3      | Found a runed translucent gate.
  1701 | D:3      | Noticed qw's ghost (weakling DEHu)
  1703 | D:3      | Noticed a kobold brigand
  1734 | D:3      | Found a runed translucent door.
  1735 | D:3      | Noticed Crazy Yiuf
  2096 | D:3      | 2096 ||| UPGRADING to +0 pair of boots.
  2101 | D:3      | 2101 ||| READING scroll labelled XEOREC ANUFE.
  2102 | D:3      | 2102 ||| READING scroll labelled REJOJU IXY HEFF.
  2103 | D:3      | 2103 ||| READING scroll labelled YCUNUL TESOE.
  2104 | D:3      | 2104 ||| DRINKING 3 silvery potions.
  2105 | D:3      | 2105 ||| READING 2 scrolls of identify.
  2105 | D:3      | 2105 ||| IDENTIFYING dark potion
  2106 | D:3      | 2106 ||| DROPPING 2 potions of brilliance.
  2209 | D:4      | Reached skill level 8 in Ranged Weapons
  2551 | D:4      | Noticed an ogre
  2561 | D:4      | Killed an ogre
  2562 | D:4      | Reached skill level 9 in Ranged Weapons
  2562 | D:4      | Reached XP level 5. HP: 29/29 MP: 7/7
  2578 | D:4      | Found a staircase to the Ecumenical Temple.
  2579 | D:4      | 2579 ||| PLANNING TEMPLE
  2585 | Temple   | Entered the Ecumenical Temple
  2853 | Temple   | 2853 ||| PLANNING D:1-11
  3346 | D:4      | 3346 ||| DRINKING 2 blue potions.
  3351 | D:5      | Entered Level 5 of the Dungeon
  3424 | D:5      | HP: 5/30 [orc wizard/magic dart (6)]
  3425 | D:5      | Reached XP level 6. HP: 6/35 MP: 8/8
  3425 | D:5      | 3425 ||| READING 3 scrolls of teleportation.
  3426 | D:5      | 3426 ||| DRINKING 2 potions of heal wounds.
  3592 | D:5      | 3592 ||| Stepping ~*~*~tactically~*~*~ (outnumbered).
  3593 | D:5      | 3593 ||| Stepping ~*~*~tactically~*~*~ (outnumbered).
  3596 | D:5      | Blown up by an orc wizard

Levels and vault maps discovered:
D:1:      mrwooster_arrival_statue_2, layout_loops_corners
D:2:      layout_rooms, basic_altar
D:3:      layout_loops_cross, gammafunk_ghost_nasty_kobolds,
          ebering_ecumenical_altar_sacrificial, uniq_terence,
          uniq_crazy_yiuf_cottage
D:4:      layout_basic, minmay_temple_entry_nine_rooms, moated_statue,
          dk_noncrumbling_4
D:5:      layout_basic, supply_closet_lemuel, uniq_grinder
Temple:   roderic_octagonal_lattice_temple

Skill      XL: |  1  2  3  4  5 |
---------------+----------------+-----
Ranged Weapons | 6 7 9 |  9.3
Fighting       | 2 |  2.2
Dodging        | |  2.4
Stealth        | |  1.2

Action                     |  1- 3 |  4- 6 || total
---------------------------+-------+-------++-------
   Fire: Shortbow          |   130 |   122 ||   252
    Use: Scroll            |     6 |     6 ||    12
         Potion            |     1 |     3 ||     4
 Armour: Leather armour    |    11 |       ||    11
         Ring mail         |     5 |    35 ||    40
  Dodge: Dodged            |    19 |    36 ||    55

Table legend:
 A = Non-vault XP
 B = Vault XP
 C = Vault XP percentage of total XP
 D = Non-vault monster count
 E = Vault monster count
 F = Vault count percentage of total count
                 A         B        C        D         E       F
            +---------+---------+-------+---------+---------+-------
      Total |     384 |      36 |   8.6 |      67 |       1 |   1.5
            +---------+---------+-------+---------+---------+-------
        D:1 |      44 |       0 |   0.0 |      28 |       0 |   0.0
        D:2 |      12 |      36 |  75.0 |       7 |       1 |  12.5
        D:3 |      40 |       0 |   0.0 |      10 |       0 |   0.0
        D:4 |     185 |       0 |   0.0 |      17 |       0 |   0.0
        D:5 |     103 |       0 |   0.0 |       5 |       0 |   0.0
            +---------+---------+-------+---------+---------+-------
